 Dungeon Crawl Stone Soup version 0.30.1-9-gdf580d7c3d (webtiles) character file.

Game seed: 8350848176583088882

816 mainiacjoe the Shooter (level 7, -1/63 HPs)
             Began as a Naga Hunter on Sept 27, 2023.
             Was an Initiate of Hepliaklqana.
             Slain by an ice beast (6 damage)
             ... on level 6 of the Dungeon.
             The game lasted 00:12:30 (4785 turns).

mainiacjoe the Shooter (Naga Hunter)                Turns: 4785, Time: 00:12:31

Health: -1/63      AC:  5    Str: 13    XL:     7   Next: 94%
Magic:  0/7        EV:  9    Int:  9    God:    Hepliaklqana [......]
Gold:   250        SH:  0    Dex: 17    Spells: 4/6 levels left

rFire   . . .        a - +1 shortbow
rCold   . . .        (shield currently unavailable)
rNeg    . . .        c - +1 leather armour
rPois   +            (no helmet)
rElec   .            l - +0 cloak
rCorr   .            (no gloves)
SInv    +            (no barding)
Will    .....        e - amulet of guardian spirit
Stlth   +++          (no ring)
HPRegen 0.30/turn    (no ring)
MPRegen 0.10/turn

%: guardian spirit
@: very slow
A: AC +2, large, see invisible, deformed body, poison resistance, slowness 2,
spit poison 1, naga tail 1
a: Spit Poison, Renounce Religion


You were on level 6 of the Dungeon.
You worshipped Hepliaklqana.
Hepliaklqana was noncommittal.
You visited 2 branches of the dungeon, and saw 7 of its levels.

You collected 250 gold pieces.

Inventory:

Hand Weapons
 a - a +1 shortbow (weapon)
 x - a +0 antimagic hand axe
Missiles
 f - 62 stones
 h - 10 atropa-tipped darts {=F}
 i - 11 poisoned darts
 u - 4 silver boomerangs
Armour
 c - a +1 leather armour (worn)
 l - a +0 cloak (worn)
Jewellery
 e - an amulet of guardian spirit (around neck)
Wands
 k - a wand of polymorph (6)
Scrolls
 b - 2 scrolls of immolation
 g - a scroll of fear
 n - 4 scrolls of vulnerability
 o - 2 scrolls of teleportation
 r - a scroll of poison
Potions
 d - 2 potions of magic
 j - a potion of cancellation
 m - a potion of flight {unknown}
 p - a potion of brilliance {unknown}
 q - a potion of curing {unknown}
 s - a potion of haste {unknown}
 t - a potion of mutation {unknown}
 v - a potion of lignification {unknown}
 w - a potion of attraction {unknown}


   Skills:
 + Level 3.6 Fighting
 * Level 7.4 Ranged Weapons
 - Level 1.5 Dodging
 - Level 6.0 Stealth


You had 4 spell levels left.
You knew the following spells:

 Your Spells              Type           Power      Damage    Failure   Level
z - Passwall              Tmut/Erth      0%         N/A       61%         2

Your spell library contained the following spells:

 Spells                   Type           Power      Damage    Failure   Level
 Freeze                   Ice            0%         1d3       45%         1
 Sandblast                Erth           0%         2d4       45%         1
 Sublimation of Blood     Necr           0%         N/A       61%         2
 Wereblood                Tmut           0%         N/A       61%         2
 Frozen Ramparts          Ice            0%         1d1       83%         3
 Hailstorm                Conj/Ice       0%         3d3       83%         3
 Stone Arrow              Conj/Erth      0%         3d7       83%         3
 Summon Hydra             Summ           0%         N/A       100%        7


Dungeon Overview and Level Annotations

Branches:
Dungeon (6/15)             Temple (1/1) D:6

Altars:
Ashenzari
Cheibriados
Elyvilon
Fedhas
Gozag
Hepliaklqana
Kikubaaqudgha
Makhleb
Nemelex Xobeh
Okawaru
Ru
Sif Muna
Uskayaw
Vehumet
Wu Jian
Zin
The Shining One

Shops:
D:3 (

Annotations:
D:3 dig
D:5 1 runed translucent door, Crazy Yiuf


Innate Abilities, Weirdness & Mutations

Your serpentine skin is tough. (AC +2)
You have supernaturally acute eyesight. (SInv)
Armour fits poorly on your strangely shaped body.
Your system is resistant to poisons. (rPois)
You cover ground very slowly.
You can spit poison.
You have a snake-like lower body.


Message History

The jelly is severely wounded.
The jelly hits you but does no damage. x2
Fire: a) +1 shortbow
Press: ? - help, Q - select action, (/) - cycle Shift-Dir - straight line, f/p - ice beast
Aim: an ice beast (severely wounded, 65% to hit)
You shoot an arrow. The arrow hits the jelly!
You kill the jelly!
You have got your breath back.
Fire: a) +1 shortbow
Press: ? - help, Q - select action, (/) - cycle Shift-Dir - straight line, f/p - ice beast
Aim: an ice beast (severely wounded, 65% to hit)
You shoot an arrow.
The arrow hits the ice beast but does no damage.
The ice beast is severely wounded.
The ice beast hits you.
* * * LOW HITPOINT WARNING * * *
The ice beast freezes you!
* * * LOW HITPOINT WARNING * * *
Aiming: Spit Poison (1% risk of failure)
Press: ? - help, Shift-Dir - straight line, f/p - ice beast
Aim: an ice beast (severely wounded, 59% to hit)
The splash of poison hits the ice beast.
The ice beast completely resists.
The ice beast is severely wounded.
The ice beast barely misses you.
Fire: a) +1 shortbow
Press: ? - help, Q - select action, (/) - cycle Shift-Dir - straight line, f/p - ice beast
Aim: an ice beast (severely wounded, 65% to hit)
You shoot an arrow. The arrow barely misses the ice beast.
The ice beast misses you.
Fire: a) +1 shortbow
Press: ? - help, Q - select action, (/) - cycle Shift-Dir - straight line, f/p - ice beast
Aim: an ice beast (severely wounded, 65% to hit)
You shoot an arrow. The arrow hits the ice beast.
The ice beast is almost dead.
You have got your breath back.
The ice beast hits you.
* * * LOW HITPOINT WARNING * * *
The ice beast freezes you!
You die...

.. ... .. . .. # ..
#. .# .##.#####.#
......... #.....#
##### #.....# ......
#@#..## ...... .
##Y##..##......
....##...##.........
.......>............
....##...##.........
.## ##.##..##.....#
#.#..## #...# ....#
..# ..... .#


You could see an ice beast.

Vanquished Creatures
  2 ogres (D:5)
  2 centaurs (D:5)
  A phantom (D:3)
  A scorpion (D:5)
  A howler monkey (D:6)
  A hound (D:6)
  A jelly (D:6)
  An iguana (D:5)
  An orc wizard (D:3)
  8 adders
  5 gnolls
  4 dart slugs
  15 orcs
  4 ball pythons
  9 bats
  4 endoplasms
  A giant cockroach (D:3)
  7 goblins
  4 hobgoblins
  2 frilled lizards
  11 kobolds
  8 rats
93 creatures vanquished.

Notes
Turn   | Place    | Note
-------+----------+-------------------------------------------
     0 | D:1      | mainiacjoe the Naga Hunter began the quest for the Orb.
     0 | D:1      | Reached XP level 1. HP: 19/19 MP: 1/1
   150 | D:1      | Reached XP level 2. HP: 22/26 MP: 2/2
   184 | D:1      | Reached skill level 4 in Ranged Weapons
   655 | D:1      | Reached XP level 3. HP: 32/32 MP: 3/3
  1050 | D:2      | Reached XP level 4. HP: 39/39 MP: 4/4
  1618 | D:3      | Found Egudo's Weapon Emporium.
  1629 | D:3      | Noticed a phantom
  1638 | D:3      | Killed a phantom
  1639 | D:3      | Reached skill level 5 in Ranged Weapons
  1639 | D:3      | Reached XP level 5. HP: 45/45 MP: 5/5
  1702 | D:3      | Found a hazy altar of Hepliaklqana.
  1752 | D:3      | Reached skill level 5 in Stealth
  1945 | D:3      | Reached XP level 6. HP: 52/52 MP: 6/6
  2101 | D:3      | Found a glowing silver altar of Zin.
  2159 | D:3      | Learned a level 2 spell: Passwall
  3068 | D:5      | Entered Level 5 of the Dungeon
  3084 | D:5      | Found a shimmering blue altar of Sif Muna.
  3084 | D:5      | Found an iron altar of Okawaru.
  3085 | D:5      | Found a sparkling altar of Nemelex Xobeh.
  3086 | D:5      | Found a broken altar of Ashenzari.
  3086 | D:5      | Found a radiant altar of Vehumet.
  3220 | D:5      | Reached skill level 6 in Ranged Weapons
  3457 | D:5      | Found the +9 scales of the Dragon King {rPois rF+ rC+
                  | Will+}
  3499 | D:5      | Reached XP level 7. HP: 33/61 MP: 3/7
  3821 | D:5      | Found a burning altar of Makhleb.
  4033 | D:5      | Found an ornate altar of the Wu Jian Council.
  4171 | D:5      | Reached skill level 7 in Ranged Weapons
  4272 | D:5      | Found a runed translucent door.
  4273 | D:5      | Noticed Crazy Yiuf
  4460 | D:3      | Became a worshipper of Hepliaklqana the Forgotten
  4610 | D:6      | Found a staircase to the Ecumenical Temple.
  4617 | Temple   | Entered the Ecumenical Temple
  4785 | D:6      | Slain by an ice beast

Illustrated notes

Levels and vault maps discovered:
D:1:      scummos_arrival_simple_crosswalls, layout_basic
D:2:      layout_loops_ring
D:3:      layout_rooms, zin_scriptorium, nicolae_hepliaklqana_hazy_memory,
          serial_shops, nicolae_shop_trees, minmay_liquid_box,
          amcnicky_mini_pool_small, minmay_vboxes
D:4:      layout_cave_pools, serial_co_window_serial, co_window_paths_a,
          co_window_corner_a, co_window_of_opportunity_a,
          co_window_of_opportunity_a, co_window_paths_a,
          co_window_unsneaky_path_e, co_window_broadway_a, co_window_2corner,
          co_window_corner_ca, co_window_of_opportunity_b, co_window_broadway_c,
          co_window_of_opportunity_b, glass_columns_c, glass_columns_a,
          mrwooster_statue_mirror
D:5:      layout_basic, mainiacjoe_overflow_alcove_2, nzn_wu_jian_contemplation,
          grunt_temple_overflow_open, uniq_crazy_yiuf_cottage
D:6:      layout_basic, nicolae_yredelemnul_ghost_church,
          minmay_temple_entry_waves, minmay_misc_feat_square,
          skrybe_limestone_x, uniq_menkaure
Temple:   hellmonk_temple_micro_hex

Skill      XL: |  1  2  3  4  5  6  7 |
---------------+----------------------+-----
Stealth        | 2 3 4 5 6 |  6.0
Ranged Weapons | 4 5 6 7 |  7.4
Fighting       | 3 |  3.6
Dodging        | |  1.5

Action                     |  1- 3 |  4- 6 |  7- 9 || total
---------------------------+-------+-------+-------++-------
   Fire: Shortbow          |    52 |   148 |    76 ||   276
Ability: Spit Poison       |    13 |    10 |     9 ||    32
    Use: Scroll            |     4 |     8 |     1 ||    13
 Armour: Leather armour    |    11 |    37 |    29 ||    77
  Dodge: Dodged            |    19 |    42 |    31 ||    92
